 Dungeon Crawl Stone Soup version 0.17.2-1-ge4368a0 (webtiles) character file.

18465 rlgrobin the Fighter (level 12, 0/97 HPs)
             Began as a Mummy Monk on Apr 17, 2017.
             Slain by a river rat (4 damage)
             ... on level 1 of the Lair of Beasts.
             The game lasted 01:08:05 (50926 turns).

rlgrobin the Fighter (Mummy Monk)                  Turns: 50926, Time: 01:08:05

Health: 0/97       AC:  9    Str: 17    XL:     12   Next: 27%
Magic:  12/12      EV: 18    Int: 11    God:
Gold:   829        SH: 12    Dex: 22    Spells: 0 memorised, 11 levels left

rFire  x . .     SeeInvis .       - Unarmed
rCold  + . .     Clarity  .     (no armour)
rNeg   + + +     SustAt   .     w - +0 shield
rPois  ∞         Gourm    .     d - +2 helmet
rElec  .         Spirit   .     n - +2 cloak
rCorr  .         Warding  .     m - +2 pair of gloves
rMut   .         Stasis   .     (no boots)
MR     +....                    (no amulet)
Stlth  ++++......               u - +4 ring of dexterity
                                s - +3 ring of strength

@: somewhat resistant to hostile enchantments, stealthy
A: no food or potions, fire vulnerability, cold resistance 1, negative energy
resistance 3, torment resistance, unbreathing
a: no special abilities


You were on level 1 of the Lair of Beasts.
You were not hungry.

You visited 3 branches of the dungeon, and saw 17 of its levels.
You also visited: Sewer and Volcano.

You collected 919 gold pieces.
You spent 90 gold pieces at shops.


Innate Abilities, Weirdness & Mutations

You do not eat or drink.
Your flesh is vulnerable to fire.
You are immune to poison.
Your flesh is cold resistant.
You are immune to negative energy.
You are immune to unholy pain and torment.
You can survive without breathing.


   Skills:
 - Level 10.0 Fighting
 - Level 8.0 Dodging
 - Level 5.5 Stealth
 + Level 8.0 Shields
 - Level 10.0 Unarmed Combat


You had 11 spell levels left.
You didn't know any spells.

Inventory:

Missiles
 l - 2 large rocks (quivered) {=f}
Armour
 d - a +2 helmet (worn)
 m - a +2 pair of gloves (worn)
 n - a +2 cloak (worn)
 w - a +0 shield (worn)
Magical Staves
 C - an uncursed staff of air {unknown}
Jewellery
 b - an uncursed ring of flight
 e - an uncursed amulet of guardian spirit {unknown}
 f - an uncursed ring of positive energy
 o - an uncursed amulet of resist corrosion {unknown}
 q - an uncursed ring of poison resistance
 s - a +3 ring of strength (left hand)
 t - an uncursed amulet of faith {unknown}
 u - a +4 ring of dexterity (right hand)
 v - an uncursed ring of ice
 y - an uncursed ring of sustain attributes
 z - a +1 ring of protection
Scrolls
 a - 3 scrolls of remove curse
 c - 3 scrolls of blinking
 g - 3 scrolls of brand weapon
 h - 3 scrolls of enchant weapon
 i - 4 scrolls of immolation {!r}
 j - 2 scrolls of magic mapping
 k - 3 scrolls of fog
 p - a scroll of random uselessness
 r - 5 scrolls of teleportation {@r4}
 x - 3 scrolls of recharging
 A - a scroll of enchant armour

Dungeon Overview and Level Annotations

Branches:
Dungeon (11/15)            Temple (1/1) D:7            Lair (5/8) D:8
  Swamp (0/4) Lair:5
  Snake: Lair:3-6    Spider: Lair:3-6       Orc: D:9-12

Altars:
Ashenzari
Cheibriados
Dithmenos
Elyvilon
Fedhas
Gozag
Kikubaaqudgha
Makhleb
Nemelex Xobeh
Okawaru
Qazlal
Ru
Sif Muna
Trog
Vehumet
Xom
Yredelemnul
Zin
The Shining One

Shops:
D:4 *![   D:6 :

Annotations:
D:1 7 Jaws
D:2 !
D:3 WaterTroll
D:5 TR
D:7 Water
D:8 Water Tr Gr
D:9 Water
D:11 Unseen!
Lair:3 exclusions: electric eel and spiny frog
Lair:4 exclusions: hydra and komodo dragon

▒.'.....▒▒ ▒▒▒.▒......▒▒▒
▒▒▒▒▒.......8....▒
.......▒▒........▒▒
.......▒▒▒▒▒......▒▒▒▒
.......▒▒.▒▒▒...8....▒▒▒▒▒▒
....................▒▒.8..▒
...▒▒..+..................▒
▒.▒▒...▒...8..8.Mr8....>.8▒
▒▒▒▒▒..+..................▒
▒▒..▒............▒..8.▒▒
▒..▒.▒▒▒▒▒...8...▒▒.▒▒▒
▒▒..▒▒▒▒▒............▒▒
▒▒.▒▒▒.........▒▒.....▒▒
▒..▒.....8...▒▒▒▒P†....▒▒
▒▒...▒.........▒▒▒▒▒▒...▒▒▒▒
▒.▒.+.....▒..▒▒ ▒▒▒..▒.▒


You could see a river rat.


Message History

* * * don't die
* * * You take 12 damage, and have 19/97 hp!
There is a stone staircase leading up here!
There is a stone staircase leading up here!
The four-headed hydra bites you! * * * don't die
* * * The four-headed hydra bites you! * * * don't die
* * * The four-headed hydra bites you!!! * * * don't die
* * * The four-headed hydra bites you but does no damage!
You take 15 damage, and have 6/97 hp!
You block the river rat's attack!
A spiny frog comes into view!
There is a stone staircase leading up here!
The river rat bites you! * * * don't die
* * * You climb upwards!
There is a stone staircase leading down here!
You take 2 damage, and have 7/97 hp!
Unknown command!
You squash the river rat like an ant!
The river rat is moderately wounded!
The river rat bites you! * * * don't die
* * * You take 4 damage, and have 3/97 hp!
You pummel the river rat but do no damage!
The river rat is moderately wounded!
The river rat bites you! rip

Action                   |  1- 3 |  4- 6 |  7- 9 | 10-12 || total
-------------------------+-------+-------+-------+-------++-------
Melee: Unarmed           |   186 |   470 |   814 |  1321 ||  2791
  Use: Scroll            |       |       |     1 |    19 ||    20
 Stab: Sleeping          |     7 |     2 |     7 |    10 ||    26
       Distracted        |       |       |     1 |     2 ||     3

Vault maps used:
D:1:      onia_arrival_handbag, minmay_fountain_box, nemelex_deck
D:2:      minmay_surrounded
D:3:      gup_sewer_entry_bowl, ecumenical_altar_1, first_bread,
          grunt_ministairs_6
D:4:      serial_shops, shop, kennysheep_mini_moat, nicolae_shop_stone
D:5:      okawaru_metal_pillars_3
D:6:      grunt_temple_overflow_open, serial_shops, shop_statue,
          grunt_ministairs_1, minmay_strange_pillars
D:7:      minmay_temple_entry_glassed_door, corexii_leaking_fountain
D:8:      tgw_xom, erik_lair_island
D:9:      statuecave_lemuel, lemuel_round_altar
D:11:     minmay_orc_entry_temple_small
Temple:   minmay_freezing_vapour_temple_12
Lair:1:   beast_lair_carwin_1, grunt_megastairs_3
Lair:2:   st_stairs_7
Lair:3:   minivault_24, serial_bayou_lake_a
Lair:5:   swamp_mist, nicolae_volcano_entry_hallway
Sewer:    sewer_co_tree
Volcano:  volcano_aerie

Notes
Turn   | Place    | Note
--------------------------------------------------------------
     0 | D:1      | rlgrobin the Mummy Monk began the quest for the Orb.
     0 | D:1      | Reached XP level 1. HP: 18/18 MP: 1/1
     6 | D:1      | This is the last MuMo.
   417 | D:1      | Reached XP level 2. HP: 24/24 MP: 2/2
   971 | D:1      | Found a sparkling altar of Nemelex Xobeh.
   997 | D:1      | Reached skill level 4 in Unarmed Combat
  1317 | D:1      | Reached XP level 3. HP: 24/29 MP: 3/3
  2834 | D:1      | Reached XP level 4. HP: 25/35 MP: 4/4
  2964 | D:1      | Found a sparkling altar of Nemelex Xobeh.
  3506 | D:1      | Found a sparkling altar of Nemelex Xobeh.
  4116 | D:1      | Found a sparkling altar of Nemelex Xobeh.
  4613 | D:1      | Found a sparkling altar of Nemelex Xobeh.
  5088 | D:1      | Found a sparkling altar of Nemelex Xobeh.
  5638 | D:1      | Found a sparkling altar of Nemelex Xobeh.
  6166 | D:1      | Found a sparkling altar of Nemelex Xobeh.
  6665 | D:1      | Found a sparkling altar of Nemelex Xobeh.
  7144 | D:1      | Found a sparkling altar of Nemelex Xobeh.
  7677 | D:1      | Found a sparkling altar of Nemelex Xobeh.
  8091 | D:1      | Found a sparkling altar of Nemelex Xobeh.
  8347 | D:1      | Reached skill level 5 in Unarmed Combat
 10055 | D:1      | Noticed a slime creature
 10055 | D:1      | Noticed a slime creature
 10055 | D:1      | Noticed a slime creature
 10219 | D:2      | Reached XP level 5. HP: 39/41 MP: 5/5
 10762 | D:3      | Reached skill level 4 in Fighting
 10941 | D:3      | Found a faded altar to an unknown god.
 10984 | D:3      | Found a glowing drain.
 10988 | Sewer    | Entered a sewer
 11791 | Sewer    | Reached skill level 5 in Fighting
 11791 | Sewer    | Reached XP level 6. HP: 46/51 MP: 6/6
 12377 | Sewer    | Reached skill level 3 in Dodging
 13654 | D:4      | Reached XP level 7. HP: 32/56 MP: 7/7
 13809 | D:4      | Reached skill level 6 in Fighting
 13965 | D:4      | Found Ugaptinu's Armour Shoppe.
 13968 | D:4      | Bought a +0 pair of gloves for 45 gold pieces
 13968 | D:4      | Bought a +0 cloak for 45 gold pieces
 14387 | D:4      | Found Fupn's Distillery.
 14660 | D:4      | Reached skill level 7 in Fighting
 14894 | D:4      | Found Ideugic's General Store.
 15545 | D:5      | Entered Level 5 of the Dungeon
 15632 | D:5      | Reached XP level 8. HP: 67/67 MP: 8/8
 15910 | D:5      | Found an iron altar of Okawaru.
 15931 | D:5      | Reached skill level 6 in Unarmed Combat
 16118 | D:6      | Found a white marble altar of Elyvilon.
 16123 | D:6      | Found a bloodstained altar of Trog.
 16127 | D:6      | Found a sacrificial altar of Ru.
 16127 | D:6      | Found an opulent altar of Gozag.
 16869 | D:6      | Found Githafoi's Book Shoppe.
 16881 | D:6      | Reached skill level 7 in Unarmed Combat
 18339 | D:6      | Reached skill level 8 in Fighting
 18866 | D:7      | Found a staircase to the Ecumenical Temple.
 18875 | Temple   | Entered the Ecumenical Temple
 19098 | D:7      | Reached XP level 9. HP: 65/74 MP: 9/9
 19161 | D:7      | Reached skill level 4 in Dodging
 20193 | D:5      | Reached skill level 8 in Unarmed Combat
 20884 | D:3      | HP: 7/74 [orc warrior/hand axe (9)]
 21545 | D:3      | Reached skill level 9 in Unarmed Combat
 21703 | D:6      | Found Githafoi's Book Shoppe.
 21786 | D:6      | Found an opulent altar of Gozag.
 21789 | D:6      | Found a white marble altar of Elyvilon.
 21790 | D:6      | Found a sacrificial altar of Ru.
 21790 | D:6      | Found a bloodstained altar of Trog.
 22458 | D:6      | Found a sacrificial altar of Ru.
 22462 | D:6      | Found an opulent altar of Gozag.
 22462 | D:6      | Found a white marble altar of Elyvilon.
 22463 | D:6      | Found a bloodstained altar of Trog.
 22718 | D:6      | Found Githafoi's Book Shoppe.
 23100 | D:7      | Reached skill level 9 in Fighting
 23342 | D:7      | Reached skill level 5 in Dodging
 23930 | D:7      | Found a staircase to the Ecumenical Temple.
 25507 | D:2      | Killed a slime creature
 25507 | D:2      | Reached skill level 6 in Dodging
 25507 | D:2      | Reached XP level 10. HP: 60/83 MP: 10/10
 25649 | D:2      | Killed a slime creature
 25757 | D:2      | Killed a slime creature
 25876 | D:1      | Found a sparkling altar of Nemelex Xobeh.
 26235 | D:1      | Noticed a soldier ant
 26252 | D:1      | Killed a soldier ant
 26634 | D:1      | Found a sparkling altar of Nemelex Xobeh.
 26914 | D:1      | Noticed a seven-headed hydra
 31841 | D:2      | Noticed a centaur warrior
 31846 | D:2      | Noticed a deep troll
 32112 | D:8      | Noticed a gargoyle
 32459 | D:8      | Found a staircase to the Lair.
 32858 | D:8      | Reached skill level 10 in Fighting
 33826 | D:8      | Paralysed by a gnoll for 7 turns
 33938 | D:8      | Found a shimmering altar of Xom.
 34123 | D:9      | Reached skill level 7 in Dodging
 34175 | D:9      | Found a shattered altar of Ashenzari.
 35071 | D:10     | Entered Level 10 of the Dungeon
 35526 | D:9      | Reached skill level 8 in Dodging
 36931 | Lair:1   | Entered Level 1 of the Lair of Beasts
 36964 | Lair:1   | You fall through a shaft!
 36992 | Lair:1   | Noticed a black mamba
 37090 | Lair:2   | Reached skill level 2 in Stealth
 37394 | Lair:1   | Reached skill level 3 in Stealth
 37394 | Lair:1   | Reached XP level 11. HP: 12/90 MP: 11/11
 37982 | Lair:1   | Noticed a black mamba
 38006 | Lair:1   | HP: 8/90 [black mamba (2)]
 38007 | Lair:1   | Killed a black mamba
 38007 | Lair:1   | Reached skill level 4 in Stealth
 38798 | D:8      | Killed a gargoyle
 38989 | D:8      | Reached skill level 5 in Stealth
 40228 | Lair:1   | Reached skill level 10 in Unarmed Combat
 40824 | Lair:2   | Killed a black mamba
 40824 | Lair:2   | Reached skill level 1 in Shields
 41283 | Lair:2   | Reached skill level 2 in Shields
 41667 | Lair:2   | Reached skill level 3 in Shields
 43038 | D:5      | Reached skill level 4 in Shields
 43281 | D:2      | Noticed a deep troll
 43282 | D:2      | Noticed a deep troll earth mage
 43286 | D:2      | Noticed a deep troll
 44263 | Lair:3   | Noticed a catoblepas
 44583 | Lair:4   | Reached skill level 5 in Shields
 45299 | Lair:4   | Reached skill level 6 in Shields
 45647 | Lair:4   | Noticed a six-headed hydra
 45708 | Lair:4   | Reached XP level 12. HP: 80/97 MP: 12/12
 46281 | Lair:5   | Found a dark tunnel.
 46424 | Volcano  | Entered a volcano
 46692 | Volcano  | HP: 2/97 [fire elemental (19)]
 48439 | Volcano  | HP: 5/97 [something (28)]
 48894 | Lair:4   | Reached skill level 7 in Shields
 49708 | Lair:4   | Noticed a catoblepas
 50281 | Lair:3   | Reached skill level 8 in Shields
 50397 | Lair:3   | Noticed a four-headed hydra
 50911 | Lair:2   | HP: 6/97 [four-headed hydra (10)]
 50923 | Lair:2   | HP: 7/97 [river rat (2)]
 50925 | Lair:1   | HP: 3/97 [river rat (4)]
 50926 | Lair:1   | Slain by a river rat

Vanquished Creatures
  2 elephants
  2 black mambas
  5 spiny frogs
  A gargoyle (D:8)
  3 komodo dragons
  A troll (D:5)
  A polar bear (Lair:3)
  9 blink frogs
  3 slime creatures (D:2)
  A two-headed ogre (D:10)
  A wraith (D:10)
  15 yaks
  4 wolves
  A deep elf mage (D:9)
  A basilisk (Lair:4)
  4 fire elementals (Volcano)
  2 hippogriffs
  A water moccasin (Lair:4)
  5 orc warriors
  A sky beast (D:8)
  5 porcupines
  A soldier ant (D:1)
  4 ice beasts
  A black bear (D:10)
  3 ogres
  3 centaurs
  3 big kobolds
  5 crocodiles
  22 giant frogs
  A wyvern zombie (D:8)
  2 scorpions (D:8)
  A wyvern skeleton (D:9)
  An electric eel (D:8)
  3 giant frog zombies
  5 crimson imps
  6 orc priests
  12 hounds
  16 iguanas
  8 orc wizards
  3 quasits
  6 jellies
  A centaur skeleton (D:10)
  4 giant frog skeletons
  6 worker ants
  6 hell rats (Lair:3)
  9 sheep
  A killer bee zombie (D:10)
  2 hound zombies
  31 river rats
  2 worker ant zombies
  28 adders
  11 gnolls
  4 shadow imps
  8 oozes
  3 adder skeletons
  An adder zombie (D:5)
  7 worms
  51 orcs
  4 ball pythons
  19 bats
  7 giant cockroaches
  23 goblins
  19 hobgoblins
  26 jackals
  26 kobolds
  10 quokkas
  10 giant geckos
  2 giant gecko skeletons
  13 giant newts
  2 jackal skeletons
  3 quokka skeletons
  24 rats
  2 fire vortices (Volcano)
539 creatures vanquished.

Vanquished Creatures (others)
  4 fungi
  3 plants
7 creatures vanquished.

Grand Total: 546 creatures vanquished
